Workbook

Sheet Tax Brackets
A1: Netherlands Box 1 Income Tax — 2026 Brackets
B2: Blue = editable input cells (thresholds & rates).
A3: Bracket | B3: From (€) | C3: To (€) | D3: Rate
A4: 1 | B4: 0 | C4: 38883 | D4: 0.3575
A5: 2 | B5: 38883 | C5: 78426 | D5: 0.3756
A6: 3 | B6: 78426 | C6: 10000000 | D6: 0.495
A9: Note: Bracket 3 'To' is set to €10,000,000 as an effective upper bound (no real ceiling).
A10: Source: Belastingdienst — Box 1 tarieven 2026 (standard rate, not state-pension age).

Sheet Tax Credits
A1: 2026 Tax Credits (Heffingskortingen) — under AOW age
A2: Blue = editable input cells (breakpoints & percentages).
A4: Algemene heffingskorting (general tax credit)
A5: Segment | B5: From (€) | C5: To (€) | D5: Max credit (€) | E5: Taper rate
A6: Up to threshold | B6: 0 | C6: 29736 | D6: 3115 | E6: 0
A7: Tapered | B7: 29736 | C7: 78426 | D7: 3115 | E7: 0.06398
A9: Arbeidskorting (labour tax credit)
A10: Segment | B10: From (€) | C10: To (€) | D10: Base (€) | E10: Rate
A11: Band 1 | B11: 0 | C11: 11965 | D11: 0 | E11: 0.08324
A12: Band 2 | B12: 11965 | C12: 25845 | D12: 996 | E12: 0.31009
A13: Band 3 | B13: 25845 | C13: 45592 | D13: 5300 | E13: 0.0195
A14: Band 4 (taper) | B14: 45592 | C14: 132920 | D14: 5685 | E14: -0.0651
A16: Source: Belastingdienst — Tabel algemene heffingskorting 2026 & Tabel arbeidskorting 2026 (not yet AOW age).
A17: Band 1 of arbeidskorting: rate x income (no base). Bands 2-4: base + rate x (income - From).
A18: Above €132,920 income, arbeidskorting is €0.

Sheet Gross to Net
A1: Gross Salary → Net Salary (Progressive Tax + Tax Credits, 2026)
A2: Blue = editable gross salary inputs. All other columns recalc automatically.
A3: Gross Salary (€/yr) | B3: Tax before credits (€) | C3: General credit (€) | D3: Labour credit (€) | E3: Total credits (€) | F3: Tax after credits (€) | G3: Net Salary (€/yr) | H3: Effective Tax Rate | I3: Gross (€/mo) | J3: Net (€/mo) | K3: Tax (€/mo)
A4: 10000 | B4: =IF(A4<='Tax Brackets'!$C$4,A4*'Tax Brackets'!$D$4,IF(A4<='Tax Brackets'!$C$5,'Tax Brackets'!$C$4*'Tax Brackets'!$D$4+(A4-'Tax Brackets'!$C$4)*'Tax Brackets'!$D$5,'Tax Brackets'!$C$4*'Tax Brackets'!$D$4+('Tax Brackets'!$C$5-'Tax Brackets'!$C$4)*'Tax Brackets'!$D$5+(A4-'Tax Brackets'!$C$5)*'Tax Brackets'!$D$6)) -> 3575 | C4: =IF(A4<='Tax Credits'!$C$6,'Tax Credits'!$D$6,MAX(0,'Tax Credits'!$D$7-'Tax Credits'!$E$7*(A4-'Tax Credits'!$B$7))) -> 3115 | D4: =IF(A4<='Tax Credits'!$C$11,A4*'Tax Credits'!$E$11,IF(A4<='Tax Credits'!$C$12,'Tax Credits'!$D$12+(A4-'Tax Credits'!$B$12)*'Tax Credits'!$E$12,IF(A4<='Tax Credits'!$C$13,'Tax Credits'!$D$13+(A4-'Tax Credits'!$B$13)*'Tax Credits'!$E$13,MAX(0,'Tax Credits'!$D$14+(A4-'Tax Credits'!$B$14)*'Tax Credits'!$E$14)))) -> 832.4 | E4: =C4+D4 -> 3947.4 | F4: =MAX(0,B4-E4) -> 0 | G4: =A4-F4 -> 10000 | H4: =IFERROR(F4/A4,0) -> 0 | I4: =A4/12 -> 833.33333 | J4: =G4/12 -> 833.33333 | K4: =I4-J4 -> 0
A5: 11000 | B5: =IF(A5<='Tax Brackets'!$C$4,A5*'Tax Brackets'!$D$4,IF(A5<='Tax Brackets'!$C$5,'Tax Brackets'!$C$4*'Tax Brackets'!$D$4+(A5-'Tax Brackets'!$C$4)*'Tax Brackets'!$D$5,'Tax Brackets'!$C$4*'Tax Brackets'!$D$4+('Tax Brackets'!$C$5-'Tax Brackets'!$C$4)*'Tax Brackets'!$D$5+(A5-'Tax Brackets'!$C$5)*'Tax Brackets'!$D$6)) -> 3932.5 | C5: =IF(A5<='Tax Credits'!$C$6,'Tax Credits'!$D$6,MAX(0,'Tax Credits'!$D$7-'Tax Credits'!$E$7*(A5-'Tax Credits'!$B$7))) -> 3115 | D5: =IF(A5<='Tax Credits'!$C$11,A5*'Tax Credits'!$E$11,IF(A5<='Tax Credits'!$C$12,'Tax Credits'!$D$12+(A5-'Tax Credits'!$B$12)*'Tax Credits'!$E$12,IF(A5<='Tax Credits'!$C$13,'Tax Credits'!$D$13+(A5-'Tax Credits'!$B$13)*'Tax Credits'!$E$13,MAX(0,'Tax Credits'!$D$14+(A5-'Tax Credits'!$B$14)*'Tax Credits'!$E$14)))) -> 915.64 | E5: =C5+D5 -> 4030.64 | F5: =MAX(0,B5-E5) -> 0 | G5: =A5-F5 -> 11000 | H5: =IFERROR(F5/A5,0) -> 0 | I5: =A5/12 -> 916.66667 | J5: =G5/12 -> 916.66667 | K5: =I5-J5 -> 0
A6: 12000 | B6: =IF(A6<='Tax Brackets'!$C$4,A6*'Tax Brackets'!$D$4,IF(A6<='Tax Brackets'!$C$5,'Tax Brackets'!$C$4*'Tax Brackets'!$D$4+(A6-'Tax Brackets'!$C$4)*'Tax Brackets'!$D$5,'Tax Brackets'!$C$4*'Tax Brackets'!$D$4+('Tax Brackets'!$C$5-'Tax Brackets'!$C$4)*'Tax Brackets'!$D$5+(A6-'Tax Brackets'!$C$5)*'Tax Brackets'!$D$6)) -> 4290 | C6: =IF(A6<='Tax Credits'!$C$6,'Tax Credits'!$D$6,MAX(0,'Tax Credits'!$D$7-'Tax Credits'!$E$7*(A6-'Tax Credits'!$B$7))) -> 3115 | D6: =IF(A6<='Tax Credits'!$C$11,A6*'Tax Credits'!$E$11,IF(A6<='Tax Credits'!$C$12,'Tax Credits'!$D$12+(A6-'Tax Credits'!$B$12)*'Tax Credits'!$E$12,IF(A6<='Tax Credits'!$C$13,'Tax Credits'!$D$13+(A6-'Tax Credits'!$B$13)*'Tax Credits'!$E$13,MAX(0,'Tax Credits'!$D$14+(A6-'Tax Credits'!$B$14)*'Tax Credits'!$E$14)))) -> 1006.8532 | E6: =C6+D6 -> 4121.8531 | F6: =MAX(0,B6-E6) -> 168.14685 | G6: =A6-F6 -> 11831.853 | H6: =IFERROR(F6/A6,0) -> 0.014012238 | I6: =A6/12 -> 1000 | J6: =G6/12 -> 985.98776 | K6: =I6-J6 -> 14.012238
A7: 13000 | B7: =IF(A7<='Tax Brackets'!$C$4,A7*'Tax Brackets'!$D$4,IF(A7<='Tax Brackets'!$C$5,'Tax Brackets'!$C$4*'Tax Brackets'!$D$4+(A7-'Tax Brackets'!$C$4)*'Tax Brackets'!$D$5,'Tax Brackets'!$C$4*'Tax Brackets'!$D$4+('Tax Brackets'!$C$5-'Tax Brackets'!$C$4)*'Tax Brackets'!$D$5+(A7-'Tax Brackets'!$C$5)*'Tax Brackets'!$D$6)) -> 4647.5 | C7: =IF(A7<='Tax Credits'!$C$6,'Tax Credits'!$D$6,MAX(0,'Tax Credits'!$D$7-'Tax Credits'!$E$7*(A7-'Tax Credits'!$B$7))) -> 3115 | D7: =IF(A7<='Tax Credits'!$C$11,A7*'Tax Credits'!$E$11,IF(A7<='Tax Credits'!$C$12,'Tax Credits'!$D$12+(A7-'Tax Credits'!$B$12)*'Tax Credits'!$E$12,IF(A7<='Tax Credits'!$C$13,'Tax Credits'!$D$13+(A7-'Tax Credits'!$B$13)*'Tax Credits'!$E$13,MAX(0,'Tax Credits'!$D$14+(A7-'Tax Credits'!$B$14)*'Tax Credits'!$E$14)))) -> 1316.9432 | E7: =C7+D7 -> 4431.9432 | F7: =MAX(0,B7-E7) -> 215.55685 | G7: =A7-F7 -> 12784.443 | H7: =IFERROR(F7/A7,0) -> 0.016581296 | I7: =A7/12 -> 1083.3333 | J7: =G7/12 -> 1065.3703 | K7: =I7-J7 -> 17.963071
A8: 14000 | B8: =IF(A8<='Tax Brackets'!$C$4,A8*'Tax Brackets'!$D$4,IF(A8<='Tax Brackets'!$C$5,'Tax Brackets'!$C$4*'Tax Brackets'!$D$4+(A8-'Tax Brackets'!$C$4)*'Tax Brackets'!$D$5,'Tax Brackets'!$C$4*'Tax Brackets'!$D$4+('Tax Brackets'!$C$5-'Tax Brackets'!$C$4)*'Tax Brackets'!$D$5+(A8-'Tax Brackets'!$C$5)*'Tax Brackets'!$D$6)) -> 5005 | C8: =IF(A8<='Tax Credits'!$C$6,'Tax Credits'!$D$6,MAX(0,'Tax Credits'!$D$7-'Tax Credits'!$E$7*(A8-'Tax Credits'!$B$7))) -> 3115 | D8: =IF(A8<='Tax Credits'!$C$11,A8*'Tax Credits'!$E$11,IF(A8<='Tax Credits'!$C$12,'Tax Credits'!$D$12+(A8-'Tax Credits'!$B$12)*'Tax Credits'!$E$12,IF(A8<='Tax Credits'!$C$13,'Tax Credits'!$D$13+(A8-'Tax Credits'!$B$13)*'Tax Credits'!$E$13,MAX(0,'Tax Credits'!$D$14+(A8-'Tax Credits'!$B$14)*'Tax Credits'!$E$14)))) -> 1627.0331 | E8: =C8+D8 -> 4742.0332 | F8: =MAX(0,B8-E8) -> 262.96685 | G8: =A8-F8 -> 13737.033 | H8: =IFERROR(F8/A8,0) -> 0.018783346 | I8: =A8/12 -> 1166.6667 | J8: =G8/12 -> 1144.7528 | K8: =I8-J8 -> 21.913904
A9: 15000 | B9: =IF(A9<='Tax Brackets'!$C$4,A9*'Tax Brackets'!$D$4,IF(A9<='Tax Brackets'!$C$5,'Tax Brackets'!$C$4*'Tax Brackets'!$D$4+(A9-'Tax Brackets'!$C$4)*'Tax Brackets'!$D$5,'Tax Brackets'!$C$4*'Tax Brackets'!$D$4+('Tax Brackets'!$C$5-'Tax Brackets'!$C$4)*'Tax Brackets'!$D$5+(A9-'Tax Brackets'!$C$5)*'Tax Brackets'!$D$6)) -> 5362.5 | C9: =IF(A9<='Tax Credits'!$C$6,'Tax Credits'!$D$6,MAX(0,'Tax Credits'!$D$7-'Tax Credits'!$E$7*(A9-'Tax Credits'!$B$7))) -> 3115 | D9: =IF(A9<='Tax Credits'!$C$11,A9*'Tax Credits'!$E$11,IF(A9<='Tax Credits'!$C$12,'Tax Credits'!$D$12+(A9-'Tax Credits'!$B$12)*'Tax Credits'!$E$12,IF(A9<='Tax Credits'!$C$13,'Tax Credits'!$D$13+(A9-'Tax Credits'!$B$13)*'Tax Credits'!$E$13,MAX(0,'Tax Credits'!$D$14+(A9-'Tax Credits'!$B$14)*'Tax Credits'!$E$14)))) -> 1937.1231 | E9: =C9+D9 -> 5052.1232 | F9: =MAX(0,B9-E9) -> 310.37685 | G9: =A9-F9 -> 14689.623 | H9: =IFERROR(F9/A9,0) -> 0.02069179 | I9: =A9/12 -> 1250 | J9: =G9/12 -> 1224.1353 | K9: =I9-J9 -> 25.864738
A10: 16000 | B10: =IF(A10<='Tax Brackets'!$C$4,A10*'Tax Brackets'!$D$4,IF(A10<='Tax Brackets'!$C$5,'Tax Brackets'!$C$4*'Tax Brackets'!$D$4+(A10-'Tax Brackets'!$C$4)*'Tax Brackets'!$D$5,'Tax Brackets'!$C$4*'Tax Brackets'!$D$4+('Tax Brackets'!$C$5-'Tax Brackets'!$C$4)*'Tax Brackets'!$D$5+(A10-'Tax Brackets'!$C$5)*'Tax Brackets'!$D$6)) -> 5720 | C10: =IF(A10<='Tax Credits'!$C$6,'Tax Credits'!$D$6,MAX(0,'Tax Credits'!$D$7-'Tax Credits'!$E$7*(A10-'Tax Credits'!$B$7))) -> 3115 | D10: =IF(A10<='Tax Credits'!$C$11,A10*'Tax Credits'!$E$11,IF(A10<='Tax Credits'!$C$12,'Tax Credits'!$D$12+(A10-'Tax Credits'!$B$12)*'Tax Credits'!$E$12,IF(A10<='Tax Credits'!$C$13,'Tax Credits'!$D$13+(A10-'Tax Credits'!$B$13)*'Tax Credits'!$E$13,MAX(0,'Tax Credits'!$D$14+(A10-'Tax Credits'!$B$14)*'Tax Credits'!$E$14)))) -> 2247.2132 | E10: =C10+D10 -> 5362.2131 | F10: =MAX(0,B10-E10) -> 357.78685 | G10: =A10-F10 -> 15642.213 | H10: =IFERROR(F10/A10,0) -> 0.022361678 | I10: =A10/12 -> 1333.3333 | J10: =G10/12 -> 1303.5178 | K10: =I10-J10 -> 29.815571
A11: 17000 | B11: =IF(A11<='Tax Brackets'!$C$4,A11*'Tax Brackets'!$D$4,IF(A11<='Tax Brackets'!$C$5,'Tax Brackets'!$C$4*'Tax Brackets'!$D$4+(A11-'Tax Brackets'!$C$4)*'Tax Brackets'!$D$5,'Tax Brackets'!$C$4*'Tax Brackets'!$D$4+('Tax Brackets'!$C$5-'Tax Brackets'!$C$4)*'Tax Brackets'!$D$5+(A11-'Tax Brackets'!$C$5)*'Tax Brackets'!$D$6)) -> 6077.5 | C11: =IF(A11<='Tax Credits'!$C$6,'Tax Credits'!$D$6,MAX(0,'Tax Credits'!$D$7-'Tax Credits'!$E$7*(A11-'Tax Credits'!$B$7))) -> 3115 | D11: =IF(A11<='Tax Credits'!$C$11,A11*'Tax Credits'!$E$11,IF(A11<='Tax Credits'!$C$12,'Tax Credits'!$D$12+(A11-'Tax Credits'!$B$12)*'Tax Credits'!$E$12,IF(A11<='Tax Credits'!$C$13,'Tax Credits'!$D$13+(A11-'Tax Credits'!$B$13)*'Tax Credits'!$E$13,MAX(0,'Tax Credits'!$D$14+(A11-'Tax Credits'!$B$14)*'Tax Credits'!$E$14)))) -> 2557.3032 | E11: =C11+D11 -> 5672.3031 | F11: =MAX(0,B11-E11) -> 405.19685 | G11: =A11-F11 -> 16594.803 | H11: =IFERROR(F11/A11,0) -> 0.023835109 | I11: =A11/12 -> 1416.6667 | J11: =G11/12 -> 1382.9003 | K11: =I11-J11 -> 33.766404
A12: 18000 | B12: =IF(A12<='Tax Brackets'!$C$4,A12*'Tax Brackets'!$D$4,IF(A12<='Tax Brackets'!$C$5,'Tax Brackets'!$C$4*'Tax Brackets'!$D$4+(A12-'Tax Brackets'!$C$4)*'Tax Brackets'!$D$5,'Tax Brackets'!$C$4*'Tax Brackets'!$D$4+('Tax Brackets'!$C$5-'Tax Brackets'!$C$4)*'Tax Brackets'!$D$5+(A12-'Tax Brackets'!$C$5)*'Tax Brackets'!$D$6)) -> 6435 | C12: =IF(A12<='Tax Credits'!$C$6,'Tax Credits'!$D$6,MAX(0,'Tax Credits'!$D$7-'Tax Credits'!$E$7*(A12-'Tax Credits'!$B$7))) -> 3115 | D12: =IF(A12<='Tax Credits'!$C$11,A12*'Tax Credits'!$E$11,IF(A12<='Tax Credits'!$C$12,'Tax Credits'!$D$12+(A12-'Tax Credits'!$B$12)*'Tax Credits'!$E$12,IF(A12<='Tax Credits'!$C$13,'Tax Credits'!$D$13+(A12-'Tax Credits'!$B$13)*'Tax Credits'!$E$13,MAX(0,'Tax Credits'!$D$14+(A12-'Tax Credits'!$B$14)*'Tax Credits'!$E$14)))) -> 2867.3931 | E12: =C12+D12 -> 5982.3931 | F12: =MAX(0,B12-E12) -> 452.60685 | G12: =A12-F12 -> 17547.393 | H12: =IFERROR(F12/A12,0) -> 0.025144825 | I12: =A12/12 -> 1500 | J12: =G12/12 -> 1462.2828 | K12: =I12-J12 -> 37.717238
A13: 19000 | B13: =IF(A13<='Tax Brackets'!$C$4,A13*'Tax Brackets'!$D$4,IF(A13<='Tax Brackets'!$C$5,'Tax Brackets'!$C$4*'Tax Brackets'!$D$4+(A13-'Tax Brackets'!$C$4)*'Tax Brackets'!$D$5,'Tax Brackets'!$C$4*'Tax Brackets'!$D$4+('Tax Brackets'!$C$5-'Tax Brackets'!$C$4)*'Tax Brackets'!$D$5+(A13-'Tax Brackets'!$C$5)*'Tax Brackets'!$D$6)) -> 6792.5 | C13: =IF(A13<='Tax Credits'!$C$6,'Tax Credits'!$D$6,MAX(0,'Tax Credits'!$D$7-'Tax Credits'!$E$7*(A13-'Tax Credits'!$B$7))) -> 3115 | D13: =IF(A13<='Tax Credits'!$C$11,A13*'Tax Credits'!$E$11,IF(A13<='Tax Credits'!$C$12,'Tax Credits'!$D$12+(A13-'Tax Credits'!$B$12)*'Tax Credits'!$E$12,IF(A13<='Tax Credits'!$C$13,'Tax Credits'!$D$13+(A13-'Tax Credits'!$B$13)*'Tax Credits'!$E$13,MAX(0,'Tax Credits'!$D$14+(A13-'Tax Credits'!$B$14)*'Tax Credits'!$E$14)))) -> 3177.4832 | E13: =C13+D13 -> 6292.4832 | F13: =MAX(0,B13-E13) -> 500.01685 | G13: =A13-F13 -> 18499.983 | H13: =IFERROR(F13/A13,0) -> 0.026316676 | I13: =A13/12 -> 1583.3333 | J13: =G13/12 -> 1541.6653 | K13: =I13-J13 -> 41.668071
A14: 20000 | B14: =IF(A14<='Tax Brackets'!$C$4,A14*'Tax Brackets'!$D$4,IF(A14<='Tax Brackets'!$C$5,'Tax Brackets'!$C$4*'Tax Brackets'!$D$4+(A14-'Tax Brackets'!$C$4)*'Tax Brackets'!$D$5,'Tax Brackets'!$C$4*'Tax Brackets'!$D$4+('Tax Brackets'!$C$5-'Tax Brackets'!$C$4)*'Tax Brackets'!$D$5+(A14-'Tax Brackets'!$C$5)*'Tax Brackets'!$D$6)) -> 7150 | C14: =IF(A14<='Tax Credits'!$C$6,'Tax Credits'!$D$6,MAX(0,'Tax Credits'!$D$7-'Tax Credits'!$E$7*(A14-'Tax Credits'!$B$7))) -> 3115 | D14: =IF(A14<='Tax Credits'!$C$11,A14*'Tax Credits'!$E$11,IF(A14<='Tax Credits'!$C$12,'Tax Credits'!$D$12+(A14-'Tax Credits'!$B$12)*'Tax Credits'!$E$12,IF(A14<='Tax Credits'!$C$13,'Tax Credits'!$D$13+(A14-'Tax Credits'!$B$13)*'Tax Credits'!$E$13,MAX(0,'Tax Credits'!$D$14+(A14-'Tax Credits'!$B$14)*'Tax Credits'!$E$14)))) -> 3487.5732 | E14: =C14+D14 -> 6602.5732 | F14: =MAX(0,B14-E14) -> 547.42685 | G14: =A14-F14 -> 19452.573 | H14: =IFERROR(F14/A14,0) -> 0.027371342 | I14: =A14/12 -> 1666.6667 | J14: =G14/12 -> 1621.0478 | K14: =I14-J14 -> 45.618904
A15: 21000 | B15: =IF(A15<='Tax Brackets'!$C$4,A15*'Tax Brackets'!$D$4,IF(A15<='Tax Brackets'!$C$5,'Tax Brackets'!$C$4*'Tax Brackets'!$D$4+(A15-'Tax Brackets'!$C$4)*'Tax Brackets'!$D$5,'Tax Brackets'!$C$4*'Tax Brackets'!$D$4+('Tax Brackets'!$C$5-'Tax Brackets'!$C$4)*'Tax Brackets'!$D$5+(A15-'Tax Brackets'!$C$5)*'Tax Brackets'!$D$6)) -> 7507.5 | C15: =IF(A15<='Tax Credits'!$C$6,'Tax Credits'!$D$6,MAX(0,'Tax Credits'!$D$7-'Tax Credits'!$E$7*(A15-'Tax Credits'!$B$7))) -> 3115 | D15: =IF(A15<='Tax Credits'!$C$11,A15*'Tax Credits'!$E$11,IF(A15<='Tax Credits'!$C$12,'Tax Credits'!$D$12+(A15-'Tax Credits'!$B$12)*'Tax Credits'!$E$12,IF(A15<='Tax Credits'!$C$13,'Tax Credits'!$D$13+(A15-'Tax Credits'!$B$13)*'Tax Credits'!$E$13,MAX(0,'Tax Credits'!$D$14+(A15-'Tax Credits'!$B$14)*'Tax Credits'!$E$14)))) -> 3797.6631 | E15: =C15+D15 -> 6912.6632 | F15: =MAX(0,B15-E15) -> 594.83685 | G15: =A15-F15 -> 20405.163 | H15: =IFERROR(F15/A15,0) -> 0.028325564 | I15: =A15/12 -> 1750 | J15: =G15/12 -> 1700.4303 | K15: =I15-J15 -> 49.569738
... A144: 150000 | B144: =IF(A144<='Tax Brackets'!$C$4,A144*'Tax Brackets'!$D$4,IF(A144<='Tax Brackets'!$C$5,'Tax Brackets'!$C$4*'Tax Brackets'!$D$4+(A144-'Tax Brackets'!$C$4)*'Tax Brackets'!$D$5,'Tax Brackets'!$C$4*'Tax Brackets'!$D$4+('Tax Brackets'!$C$5-'Tax Brackets'!$C$4)*'Tax Brackets'!$D$5+(A144-'Tax Brackets'!$C$5)*'Tax Brackets'!$D$6)) -> 64182.153 | C144: =IF(A144<='Tax Credits'!$C$6,'Tax Credits'!$D$6,MAX(0,'Tax Credits'!$D$7-'Tax Credits'!$E$7*(A144-'Tax Credits'!$B$7))) -> 0 | D144: =IF(A144<='Tax Credits'!$C$11,A144*'Tax Credits'!$E$11,IF(A144<='Tax Credits'!$C$12,'Tax Credits'!$D$12+(A144-'Tax Credits'!$B$12)*'Tax Credits'!$E$12,IF(A144<='Tax Credits'!$C$13,'Tax Credits'!$D$13+(A144-'Tax Credits'!$B$13)*'Tax Credits'!$E$13,MAX(0,'Tax Credits'!$D$14+(A144-'Tax Credits'!$B$14)*'Tax Credits'!$E$14)))) -> 0 | E144: =C144+D144 -> 0 | F144: =MAX(0,B144-E144) -> 64182.153 | G144: =A144-F144 -> 85817.847 | H144: =IFERROR(F144/A144,0) -> 0.42788102 | I144: =A144/12 -> 12500 | J144: =G144/12 -> 7151.4872 | K144: =I144-J144 -> 5348.5128

Sheet Box 1 vs 2 vs 3
A1: Netherlands Income Tax — Box 1, 2 & 3 (2026)
A2: These are SEPARATE income categories, not sequential brackets — each type of income is taxed independently.
A4: Box 1 — Income from work & home (wages, business profit)
A5: Bracket | B5: From (€) | C5: To (€) | D5: Rate
A6: 1 | B6: 0 | C6: 38883 | D6: 0.3575
A7: 2 | B7: 38883 | C7: 78426 | D7: 0.3756
A8: 3 | B8: 78426 | C8: and above | D8: 0.495
A10: Box 2 — Income from a substantial shareholding (5%+ of a company: dividends, capital gains)
A11: Bracket | B11: From (€) | C11: To (€) | D11: Rate
A12: 1 | B12: 0 | C12: 68843 | D12: 0.245
A13: 2 | B13: 68843 | C13: and above | D13: 0.31
A15: Box 3 — Income from savings & investments (taxed on a notional/deemed return, not actual income)
A16: Tax-free allowance (per person) | B16: 59357
A17: Tax rate on deemed return above allowance | B17: 0.36
A19: Source: Belastingdienst — Box 1, Box 2 and Box 3 tarieven 2026.
A20: A salary alone is always Box 1 income; Box 2 only applies if you own 5%+ of a company's shares,
A21: and Box 3 only applies to savings/investments above the tax-free allowance. They don't 'kick in'
A22: at a salary threshold — they run in parallel, on different types of income, and are added together
A23: on your total tax bill.

Sheet Chart Data
A1: Chart Data — reduced sample (every €5,000) for readable charts
A2: Same formulas as 'Gross to Net', just fewer points so chart axes aren't crowded.
A3: Gross Salary (€/yr) | B3: Tax before credits (€) | C3: General credit (€) | D3: Labour credit (€) | E3: Total credits (€) | F3: Tax after credits (€) | G3: Net Salary (€/yr) | H3: Effective Tax Rate | I3: Gross (€/mo) | J3: Net (€/mo)
A4: 10000 | B4: =IF(A4<='Tax Brackets'!$C$4,A4*'Tax Brackets'!$D$4,IF(A4<='Tax Brackets'!$C$5,'Tax Brackets'!$C$4*'Tax Brackets'!$D$4+(A4-'Tax Brackets'!$C$4)*'Tax Brackets'!$D$5,'Tax Brackets'!$C$4*'Tax Brackets'!$D$4+('Tax Brackets'!$C$5-'Tax Brackets'!$C$4)*'Tax Brackets'!$D$5+(A4-'Tax Brackets'!$C$5)*'Tax Brackets'!$D$6)) -> 3575 | C4: =IF(A4<='Tax Credits'!$C$6,'Tax Credits'!$D$6,MAX(0,'Tax Credits'!$D$7-'Tax Credits'!$E$7*(A4-'Tax Credits'!$B$7))) -> 3115 | D4: =IF(A4<='Tax Credits'!$C$11,A4*'Tax Credits'!$E$11,IF(A4<='Tax Credits'!$C$12,'Tax Credits'!$D$12+(A4-'Tax Credits'!$B$12)*'Tax Credits'!$E$12,IF(A4<='Tax Credits'!$C$13,'Tax Credits'!$D$13+(A4-'Tax Credits'!$B$13)*'Tax Credits'!$E$13,MAX(0,'Tax Credits'!$D$14+(A4-'Tax Credits'!$B$14)*'Tax Credits'!$E$14)))) -> 832.4 | E4: =C4+D4 -> 3947.4 | F4: =MAX(0,B4-E4) -> 0 | G4: =A4-F4 -> 10000 | H4: =IFERROR(F4/A4,0) -> 0 | I4: =A4/12 -> 833.33333 | J4: =G4/12 -> 833.33333
A5: 15000 | B5: =IF(A5<='Tax Brackets'!$C$4,A5*'Tax Brackets'!$D$4,IF(A5<='Tax Brackets'!$C$5,'Tax Brackets'!$C$4*'Tax Brackets'!$D$4+(A5-'Tax Brackets'!$C$4)*'Tax Brackets'!$D$5,'Tax Brackets'!$C$4*'Tax Brackets'!$D$4+('Tax Brackets'!$C$5-'Tax Brackets'!$C$4)*'Tax Brackets'!$D$5+(A5-'Tax Brackets'!$C$5)*'Tax Brackets'!$D$6)) -> 5362.5 | C5: =IF(A5<='Tax Credits'!$C$6,'Tax Credits'!$D$6,MAX(0,'Tax Credits'!$D$7-'Tax Credits'!$E$7*(A5-'Tax Credits'!$B$7))) -> 3115 | D5: =IF(A5<='Tax Credits'!$C$11,A5*'Tax Credits'!$E$11,IF(A5<='Tax Credits'!$C$12,'Tax Credits'!$D$12+(A5-'Tax Credits'!$B$12)*'Tax Credits'!$E$12,IF(A5<='Tax Credits'!$C$13,'Tax Credits'!$D$13+(A5-'Tax Credits'!$B$13)*'Tax Credits'!$E$13,MAX(0,'Tax Credits'!$D$14+(A5-'Tax Credits'!$B$14)*'Tax Credits'!$E$14)))) -> 1937.1231 | E5: =C5+D5 -> 5052.1232 | F5: =MAX(0,B5-E5) -> 310.37685 | G5: =A5-F5 -> 14689.623 | H5: =IFERROR(F5/A5,0) -> 0.02069179 | I5: =A5/12 -> 1250 | J5: =G5/12 -> 1224.1353
A6: 20000 | B6: =IF(A6<='Tax Brackets'!$C$4,A6*'Tax Brackets'!$D$4,IF(A6<='Tax Brackets'!$C$5,'Tax Brackets'!$C$4*'Tax Brackets'!$D$4+(A6-'Tax Brackets'!$C$4)*'Tax Brackets'!$D$5,'Tax Brackets'!$C$4*'Tax Brackets'!$D$4+('Tax Brackets'!$C$5-'Tax Brackets'!$C$4)*'Tax Brackets'!$D$5+(A6-'Tax Brackets'!$C$5)*'Tax Brackets'!$D$6)) -> 7150 | C6: =IF(A6<='Tax Credits'!$C$6,'Tax Credits'!$D$6,MAX(0,'Tax Credits'!$D$7-'Tax Credits'!$E$7*(A6-'Tax Credits'!$B$7))) -> 3115 | D6: =IF(A6<='Tax Credits'!$C$11,A6*'Tax Credits'!$E$11,IF(A6<='Tax Credits'!$C$12,'Tax Credits'!$D$12+(A6-'Tax Credits'!$B$12)*'Tax Credits'!$E$12,IF(A6<='Tax Credits'!$C$13,'Tax Credits'!$D$13+(A6-'Tax Credits'!$B$13)*'Tax Credits'!$E$13,MAX(0,'Tax Credits'!$D$14+(A6-'Tax Credits'!$B$14)*'Tax Credits'!$E$14)))) -> 3487.5732 | E6: =C6+D6 -> 6602.5732 | F6: =MAX(0,B6-E6) -> 547.42685 | G6: =A6-F6 -> 19452.573 | H6: =IFERROR(F6/A6,0) -> 0.027371342 | I6: =A6/12 -> 1666.6667 | J6: =G6/12 -> 1621.0478
A7: 25000 | B7: =IF(A7<='Tax Brackets'!$C$4,A7*'Tax Brackets'!$D$4,IF(A7<='Tax Brackets'!$C$5,'Tax Brackets'!$C$4*'Tax Brackets'!$D$4+(A7-'Tax Brackets'!$C$4)*'Tax Brackets'!$D$5,'Tax Brackets'!$C$4*'Tax Brackets'!$D$4+('Tax Brackets'!$C$5-'Tax Brackets'!$C$4)*'Tax Brackets'!$D$5+(A7-'Tax Brackets'!$C$5)*'Tax Brackets'!$D$6)) -> 8937.5 | C7: =IF(A7<='Tax Credits'!$C$6,'Tax Credits'!$D$6,MAX(0,'Tax Credits'!$D$7-'Tax Credits'!$E$7*(A7-'Tax Credits'!$B$7))) -> 3115 | D7: =IF(A7<='Tax Credits'!$C$11,A7*'Tax Credits'!$E$11,IF(A7<='Tax Credits'!$C$12,'Tax Credits'!$D$12+(A7-'Tax Credits'!$B$12)*'Tax Credits'!$E$12,IF(A7<='Tax Credits'!$C$13,'Tax Credits'!$D$13+(A7-'Tax Credits'!$B$13)*'Tax Credits'!$E$13,MAX(0,'Tax Credits'!$D$14+(A7-'Tax Credits'!$B$14)*'Tax Credits'!$E$14)))) -> 5038.0231 | E7: =C7+D7 -> 8153.0231 | F7: =MAX(0,B7-E7) -> 784.47685 | G7: =A7-F7 -> 24215.523 | H7: =IFERROR(F7/A7,0) -> 0.031379074 | I7: =A7/12 -> 2083.3333 | J7: =G7/12 -> 2017.9603
A8: 30000 | B8: =IF(A8<='Tax Brackets'!$C$4,A8*'Tax Brackets'!$D$4,IF(A8<='Tax Brackets'!$C$5,'Tax Brackets'!$C$4*'Tax Brackets'!$D$4+(A8-'Tax Brackets'!$C$4)*'Tax Brackets'!$D$5,'Tax Brackets'!$C$4*'Tax Brackets'!$D$4+('Tax Brackets'!$C$5-'Tax Brackets'!$C$4)*'Tax Brackets'!$D$5+(A8-'Tax Brackets'!$C$5)*'Tax Brackets'!$D$6)) -> 10725 | C8: =IF(A8<='Tax Credits'!$C$6,'Tax Credits'!$D$6,MAX(0,'Tax Credits'!$D$7-'Tax Credits'!$E$7*(A8-'Tax Credits'!$B$7))) -> 3098.1093 | D8: =IF(A8<='Tax Credits'!$C$11,A8*'Tax Credits'!$E$11,IF(A8<='Tax Credits'!$C$12,'Tax Credits'!$D$12+(A8-'Tax Credits'!$B$12)*'Tax Credits'!$E$12,IF(A8<='Tax Credits'!$C$13,'Tax Credits'!$D$13+(A8-'Tax Credits'!$B$13)*'Tax Credits'!$E$13,MAX(0,'Tax Credits'!$D$14+(A8-'Tax Credits'!$B$14)*'Tax Credits'!$E$14)))) -> 5381.0225 | E8: =C8+D8 -> 8479.1318 | F8: =MAX(0,B8-E8) -> 2245.8682 | G8: =A8-F8 -> 27754.132 | H8: =IFERROR(F8/A8,0) -> 0.074862274 | I8: =A8/12 -> 2500 | J8: =G8/12 -> 2312.8443
A9: 35000 | B9: =IF(A9<='Tax Brackets'!$C$4,A9*'Tax Brackets'!$D$4,IF(A9<='Tax Brackets'!$C$5,'Tax Brackets'!$C$4*'Tax Brackets'!$D$4+(A9-'Tax Brackets'!$C$4)*'Tax Brackets'!$D$5,'Tax Brackets'!$C$4*'Tax Brackets'!$D$4+('Tax Brackets'!$C$5-'Tax Brackets'!$C$4)*'Tax Brackets'!$D$5+(A9-'Tax Brackets'!$C$5)*'Tax Brackets'!$D$6)) -> 12512.5 | C9: =IF(A9<='Tax Credits'!$C$6,'Tax Credits'!$D$6,MAX(0,'Tax Credits'!$D$7-'Tax Credits'!$E$7*(A9-'Tax Credits'!$B$7))) -> 2778.2093 | D9: =IF(A9<='Tax Credits'!$C$11,A9*'Tax Credits'!$E$11,IF(A9<='Tax Credits'!$C$12,'Tax Credits'!$D$12+(A9-'Tax Credits'!$B$12)*'Tax Credits'!$E$12,IF(A9<='Tax Credits'!$C$13,'Tax Credits'!$D$13+(A9-'Tax Credits'!$B$13)*'Tax Credits'!$E$13,MAX(0,'Tax Credits'!$D$14+(A9-'Tax Credits'!$B$14)*'Tax Credits'!$E$14)))) -> 5478.5225 | E9: =C9+D9 -> 8256.7318 | F9: =MAX(0,B9-E9) -> 4255.7682 | G9: =A9-F9 -> 30744.232 | H9: =IFERROR(F9/A9,0) -> 0.12159338 | I9: =A9/12 -> 2916.6667 | J9: =G9/12 -> 2562.0193
A10: 40000 | B10: =IF(A10<='Tax Brackets'!$C$4,A10*'Tax Brackets'!$D$4,IF(A10<='Tax Brackets'!$C$5,'Tax Brackets'!$C$4*'Tax Brackets'!$D$4+(A10-'Tax Brackets'!$C$4)*'Tax Brackets'!$D$5,'Tax Brackets'!$C$4*'Tax Brackets'!$D$4+('Tax Brackets'!$C$5-'Tax Brackets'!$C$4)*'Tax Brackets'!$D$5+(A10-'Tax Brackets'!$C$5)*'Tax Brackets'!$D$6)) -> 14320.218 | C10: =IF(A10<='Tax Credits'!$C$6,'Tax Credits'!$D$6,MAX(0,'Tax Credits'!$D$7-'Tax Credits'!$E$7*(A10-'Tax Credits'!$B$7))) -> 2458.3093 | D10: =IF(A10<='Tax Credits'!$C$11,A10*'Tax Credits'!$E$11,IF(A10<='Tax Credits'!$C$12,'Tax Credits'!$D$12+(A10-'Tax Credits'!$B$12)*'Tax Credits'!$E$12,IF(A10<='Tax Credits'!$C$13,'Tax Credits'!$D$13+(A10-'Tax Credits'!$B$13)*'Tax Credits'!$E$13,MAX(0,'Tax Credits'!$D$14+(A10-'Tax Credits'!$B$14)*'Tax Credits'!$E$14)))) -> 5576.0225 | E10: =C10+D10 -> 8034.3318 | F10: =MAX(0,B10-E10) -> 6285.8859 | G10: =A10-F10 -> 33714.114 | H10: =IFERROR(F10/A10,0) -> 0.15714715 | I10: =A10/12 -> 3333.3333 | J10: =G10/12 -> 2809.5095
A11: 45000 | B11: =IF(A11<='Tax Brackets'!$C$4,A11*'Tax Brackets'!$D$4,IF(A11<='Tax Brackets'!$C$5,'Tax Brackets'!$C$4*'Tax Brackets'!$D$4+(A11-'Tax Brackets'!$C$4)*'Tax Brackets'!$D$5,'Tax Brackets'!$C$4*'Tax Brackets'!$D$4+('Tax Brackets'!$C$5-'Tax Brackets'!$C$4)*'Tax Brackets'!$D$5+(A11-'Tax Brackets'!$C$5)*'Tax Brackets'!$D$6)) -> 16198.218 | C11: =IF(A11<='Tax Credits'!$C$6,'Tax Credits'!$D$6,MAX(0,'Tax Credits'!$D$7-'Tax Credits'!$E$7*(A11-'Tax Credits'!$B$7))) -> 2138.4093 | D11: =IF(A11<='Tax Credits'!$C$11,A11*'Tax Credits'!$E$11,IF(A11<='Tax Credits'!$C$12,'Tax Credits'!$D$12+(A11-'Tax Credits'!$B$12)*'Tax Credits'!$E$12,IF(A11<='Tax Credits'!$C$13,'Tax Credits'!$D$13+(A11-'Tax Credits'!$B$13)*'Tax Credits'!$E$13,MAX(0,'Tax Credits'!$D$14+(A11-'Tax Credits'!$B$14)*'Tax Credits'!$E$14)))) -> 5673.5225 | E11: =C11+D11 -> 7811.9318 | F11: =MAX(0,B11-E11) -> 8386.2859 | G11: =A11-F11 -> 36613.714 | H11: =IFERROR(F11/A11,0) -> 0.18636191 | I11: =A11/12 -> 3750 | J11: =G11/12 -> 3051.1428
A12: 50000 | B12: =IF(A12<='Tax Brackets'!$C$4,A12*'Tax Brackets'!$D$4,IF(A12<='Tax Brackets'!$C$5,'Tax Brackets'!$C$4*'Tax Brackets'!$D$4+(A12-'Tax Brackets'!$C$4)*'Tax Brackets'!$D$5,'Tax Brackets'!$C$4*'Tax Brackets'!$D$4+('Tax Brackets'!$C$5-'Tax Brackets'!$C$4)*'Tax Brackets'!$D$5+(A12-'Tax Brackets'!$C$5)*'Tax Brackets'!$D$6)) -> 18076.218 | C12: =IF(A12<='Tax Credits'!$C$6,'Tax Credits'!$D$6,MAX(0,'Tax Credits'!$D$7-'Tax Credits'!$E$7*(A12-'Tax Credits'!$B$7))) -> 1818.5093 | D12: =IF(A12<='Tax Credits'!$C$11,A12*'Tax Credits'!$E$11,IF(A12<='Tax Credits'!$C$12,'Tax Credits'!$D$12+(A12-'Tax Credits'!$B$12)*'Tax Credits'!$E$12,IF(A12<='Tax Credits'!$C$13,'Tax Credits'!$D$13+(A12-'Tax Credits'!$B$13)*'Tax Credits'!$E$13,MAX(0,'Tax Credits'!$D$14+(A12-'Tax Credits'!$B$14)*'Tax Credits'!$E$14)))) -> 5398.0392 | E12: =C12+D12 -> 7216.5485 | F12: =MAX(0,B12-E12) -> 10859.669 | G12: =A12-F12 -> 39140.331 | H12: =IFERROR(F12/A12,0) -> 0.21719338 | I12: =A12/12 -> 4166.6667 | J12: =G12/12 -> 3261.6942
A13: 55000 | B13: =IF(A13<='Tax Brackets'!$C$4,A13*'Tax Brackets'!$D$4,IF(A13<='Tax Brackets'!$C$5,'Tax Brackets'!$C$4*'Tax Brackets'!$D$4+(A13-'Tax Brackets'!$C$4)*'Tax Brackets'!$D$5,'Tax Brackets'!$C$4*'Tax Brackets'!$D$4+('Tax Brackets'!$C$5-'Tax Brackets'!$C$4)*'Tax Brackets'!$D$5+(A13-'Tax Brackets'!$C$5)*'Tax Brackets'!$D$6)) -> 19954.218 | C13: =IF(A13<='Tax Credits'!$C$6,'Tax Credits'!$D$6,MAX(0,'Tax Credits'!$D$7-'Tax Credits'!$E$7*(A13-'Tax Credits'!$B$7))) -> 1498.6093 | D13: =IF(A13<='Tax Credits'!$C$11,A13*'Tax Credits'!$E$11,IF(A13<='Tax Credits'!$C$12,'Tax Credits'!$D$12+(A13-'Tax Credits'!$B$12)*'Tax Credits'!$E$12,IF(A13<='Tax Credits'!$C$13,'Tax Credits'!$D$13+(A13-'Tax Credits'!$B$13)*'Tax Credits'!$E$13,MAX(0,'Tax Credits'!$D$14+(A13-'Tax Credits'!$B$14)*'Tax Credits'!$E$14)))) -> 5072.5392 | E13: =C13+D13 -> 6571.1485 | F13: =MAX(0,B13-E13) -> 13383.069 | G13: =A13-F13 -> 41616.931 | H13: =IFERROR(F13/A13,0) -> 0.24332853 | I13: =A13/12 -> 4583.3333 | J13: =G13/12 -> 3468.0776
A14: 60000 | B14: =IF(A14<='Tax Brackets'!$C$4,A14*'Tax Brackets'!$D$4,IF(A14<='Tax Brackets'!$C$5,'Tax Brackets'!$C$4*'Tax Brackets'!$D$4+(A14-'Tax Brackets'!$C$4)*'Tax Brackets'!$D$5,'Tax Brackets'!$C$4*'Tax Brackets'!$D$4+('Tax Brackets'!$C$5-'Tax Brackets'!$C$4)*'Tax Brackets'!$D$5+(A14-'Tax Brackets'!$C$5)*'Tax Brackets'!$D$6)) -> 21832.218 | C14: =IF(A14<='Tax Credits'!$C$6,'Tax Credits'!$D$6,MAX(0,'Tax Credits'!$D$7-'Tax Credits'!$E$7*(A14-'Tax Credits'!$B$7))) -> 1178.7093 | D14: =IF(A14<='Tax Credits'!$C$11,A14*'Tax Credits'!$E$11,IF(A14<='Tax Credits'!$C$12,'Tax Credits'!$D$12+(A14-'Tax Credits'!$B$12)*'Tax Credits'!$E$12,IF(A14<='Tax Credits'!$C$13,'Tax Credits'!$D$13+(A14-'Tax Credits'!$B$13)*'Tax Credits'!$E$13,MAX(0,'Tax Credits'!$D$14+(A14-'Tax Credits'!$B$14)*'Tax Credits'!$E$14)))) -> 4747.0392 | E14: =C14+D14 -> 5925.7485 | F14: =MAX(0,B14-E14) -> 15906.469 | G14: =A14-F14 -> 44093.531 | H14: =IFERROR(F14/A14,0) -> 0.26510782 | I14: =A14/12 -> 5000 | J14: =G14/12 -> 3674.4609
A15: 65000 | B15: =IF(A15<='Tax Brackets'!$C$4,A15*'Tax Brackets'!$D$4,IF(A15<='Tax Brackets'!$C$5,'Tax Brackets'!$C$4*'Tax Brackets'!$D$4+(A15-'Tax Brackets'!$C$4)*'Tax Brackets'!$D$5,'Tax Brackets'!$C$4*'Tax Brackets'!$D$4+('Tax Brackets'!$C$5-'Tax Brackets'!$C$4)*'Tax Brackets'!$D$5+(A15-'Tax Brackets'!$C$5)*'Tax Brackets'!$D$6)) -> 23710.218 | C15: =IF(A15<='Tax Credits'!$C$6,'Tax Credits'!$D$6,MAX(0,'Tax Credits'!$D$7-'Tax Credits'!$E$7*(A15-'Tax Credits'!$B$7))) -> 858.80928 | D15: =IF(A15<='Tax Credits'!$C$11,A15*'Tax Credits'!$E$11,IF(A15<='Tax Credits'!$C$12,'Tax Credits'!$D$12+(A15-'Tax Credits'!$B$12)*'Tax Credits'!$E$12,IF(A15<='Tax Credits'!$C$13,'Tax Credits'!$D$13+(A15-'Tax Credits'!$B$13)*'Tax Credits'!$E$13,MAX(0,'Tax Credits'!$D$14+(A15-'Tax Credits'!$B$14)*'Tax Credits'!$E$14)))) -> 4421.5392 | E15: =C15+D15 -> 5280.3485 | F15: =MAX(0,B15-E15) -> 18429.869 | G15: =A15-F15 -> 46570.131 | H15: =IFERROR(F15/A15,0) -> 0.28353645 | I15: =A15/12 -> 5416.6667 | J15: =G15/12 -> 3880.8442
... A32: 150000 | B32: =IF(A32<='Tax Brackets'!$C$4,A32*'Tax Brackets'!$D$4,IF(A32<='Tax Brackets'!$C$5,'Tax Brackets'!$C$4*'Tax Brackets'!$D$4+(A32-'Tax Brackets'!$C$4)*'Tax Brackets'!$D$5,'Tax Brackets'!$C$4*'Tax Brackets'!$D$4+('Tax Brackets'!$C$5-'Tax Brackets'!$C$4)*'Tax Brackets'!$D$5+(A32-'Tax Brackets'!$C$5)*'Tax Brackets'!$D$6)) -> 64182.153 | C32: =IF(A32<='Tax Credits'!$C$6,'Tax Credits'!$D$6,MAX(0,'Tax Credits'!$D$7-'Tax Credits'!$E$7*(A32-'Tax Credits'!$B$7))) -> 0 | D32: =IF(A32<='Tax Credits'!$C$11,A32*'Tax Credits'!$E$11,IF(A32<='Tax Credits'!$C$12,'Tax Credits'!$D$12+(A32-'Tax Credits'!$B$12)*'Tax Credits'!$E$12,IF(A32<='Tax Credits'!$C$13,'Tax Credits'!$D$13+(A32-'Tax Credits'!$B$13)*'Tax Credits'!$E$13,MAX(0,'Tax Credits'!$D$14+(A32-'Tax Credits'!$B$14)*'Tax Credits'!$E$14)))) -> 0 | E32: =C32+D32 -> 0 | F32: =MAX(0,B32-E32) -> 64182.153 | G32: =A32-F32 -> 85817.847 | H32: =IFERROR(F32/A32,0) -> 0.42788102 | I32: =A32/12 -> 12500 | J32: =G32/12 -> 7151.4872

Sheet Charts
A1: Charts — Gross to Net (2026)
A2: Charts pull from 'Chart Data' (every €5,000, shown in €k). Update automatically if you edit inputs.
